 Dungeon Crawl Stone Soup version 0.29-a0-732-g3d7fbe0af2 (console) character file.

Game seed: 5239226583829358454

62458 jejorda2 the Carver (level 14, -8/124 HPs)
             Began as a Palentonga Berserker on June 29, 2022.
             Was a High Priest of Trog.
             Mangled by an orc knight
             ... wielding a +0 war axe
              (18 damage)
             ... on level 2 of the Orcish Mines.
             The game lasted 01:09:53 (21408 turns).

jejorda2 the Carver (Palentonga Berserker)         Turns: 21408, Time: 01:09:54

Health: -8/124     AC: 10    Str: 23    XL:     14   Next: 64%
Magic:  14/14      EV: 10    Int:  9    God:    Trog [*****.]
Gold:   622        SH:  5    Dex: 14    Spells: 13/13 levels left

rFire   + + +      SeeInvis +   a - +8 katana {vorpal, manifold assault}
rCold   + . .      Faith    .   (no shield)
rNeg    . . .      Spirit   .   N - +2 plate armour {rF+}
rPois   +          Reflect  +   c - +2 helmet
rElec   .          Harm     .   f - scarf {rC+ rF+}
rCorr   .          Rampage  .   L - +2 pair of gloves {Str+3}
Will    +++..                   g - +4 barding "Zigankah" {rF+}
Stlth   ..........              Q - amulet of reflection
HPRegen 1.30/turn               O - ring of poison resistance
MPRegen 0.14/turn               u - +4 ring of evasion

@: about to teleport, strong-willed, corroded, regenerating, curled up
A: large, rugged brown scales 3, see invisible, deformed body, roll 1, armoured
tail, reflexive curl
a: Rolling Charge, Renounce Religion, Berserk, Trog's Hand, Brothers in Arms


You were on level 2 of the Orcish Mines.
You worshipped Trog.
Trog was extremely pleased with you.
You visited 3 branches of the dungeon, and saw 17 of its levels.
You also visited: Sewer and Volcano.

You collected 1569 gold pieces.
You spent 947 gold pieces at shops.

Inventory:

Hand Weapons
 a - the +8 autumn katana (weapon) {vorpal, manifold assault}
   (You bought it in a shop on level 2 of the Dungeon)

   It sometimes launches melee attacks against multiple visible enemies.
 b - a +1 long sword of flaming
 v - a +0 demon blade of pain
 S - the +12 pair of quick blades "Gyre" and "Gimble" {protect}
   (Trog gifted it to you on level 2 of the Orcish Mines)

   It grants its wielder temporary protection when it strikes (+7 to AC).
Missiles
 h - 3 atropa-tipped darts
 p - a curare-tipped dart
 r - 3 javelins
 t - 6 silver javelins
 I - 9 boomerangs
Armour
 c - a +2 helmet (worn)
 f - a scarf of resistance (worn)
 g - the +4 barding "Zigankah" (worn) {rF+}
   (You acquired it on level 7 of the Dungeon)

   rF:        It protects you from fire.
 L - a +2 pair of gloves of strength (worn)
 N - a +2 plate armour of fire resistance (worn)
Jewellery
 u - a +4 ring of evasion (right hand)
 z - a ring of positive energy
 B - a ring of flight
 O - a ring of poison resistance (left hand)
 Q - an amulet of reflection (around neck)
 R - a ring of resist corrosion
 T - the ring of the Demonic God {rElec rC+ Str+2 Dex+6}
   (You found it on level 6 of the Lair of Beasts)

   [ring of dexterity]

   Str:       It affects your strength (+2).
   Dex:       It affects your dexterity (+6).
   rC:        It protects you from cold.
   rElec:     It insulates you from electricity.
Wands
 e - a wand of digging (9)
 i - a wand of mindburst (10)
 y - a wand of flame (22)
 A - a wand of iceblast (14)
 D - a wand of quicksilver (10)
 U - a wand of polymorph (3)
Scrolls
 m - 3 scrolls of enchant armour
 n - 3 scrolls of identify
 o - a scroll of blinking
 q - 3 scrolls of teleportation
 H - 4 scrolls of enchant weapon
 K - 2 scrolls of fear
 M - 2 scrolls of immolation
 P - a scroll of poison
Potions
 d - a potion of might
 j - a potion of ambrosia
 k - 4 potions of heal wounds
 l - 7 potions of lignification
 s - 3 potions of flight
 x - 2 potions of resistance
 C - 3 potions of magic
 E - a potion of invisibility
 F - 7 potions of curing
 G - 2 potions of cancellation
 J - 2 potions of mutation
Miscellaneous
 w - a lightning rod (4/4)


   Skills:
 + Level 12.6 Fighting
 - Level 7.0(11.0) Short Blades
 - Level 13.3(14.0) Long Blades
 * Level 10.2 Armour
 * Level 10.2 Dodging
 + Level 7.0 Evocations


You had 13 spell levels left.
You didn't know any spells.
Your spell library was empty.

Dungeon Overview and Level Annotations

Branches:
Dungeon (9/15)             Temple (0/1) D:7            Lair (6/6) D:9
  Swamp (0/4) Lair:4       Spider (0/4) Lair:4        Slime (0/5) Lair:5
    Orc (2/2) D:9           Sewer (visited)         Volcano (visited)
    Elf: Orc:2

Altars:
Ashenzari
Cheibriados
The Shining One
Jiyva

Shops:
D:2 (   D:6 =   D:8 [   Orc:1 *   Orc:2 [

Annotations:
Lair:3 2 transporters


Innate Abilities, Weirdness & Mutations

You are completely covered in rugged brown scales. (AC +3, +7% HP)
You have supernaturally acute eyesight. (SInv)
Armour fits poorly on your strangely shaped body.
You can roll at nearby foes to attack.
You have a long armoured tail.
You curl defensively after being hit. (AC +7*)


Message History

The orc warrior looks even sicker.
The orc warrior hits you but does no damage.
The rust devil hits you. The rust devil corrodes you!
The orc wizard shouts!
An orc warrior comes into view. It is wielding a +0 long sword.
The orc high priest mumbles some strange prayers to Beogh against you.
Beogh smites you!
The orc knight hits you with a +0 war axe.
The orc warrior hits you but does no damage.
The rust devil hits you. The rust devil corrodes you!
The ynoxinul gestures.
The orc warrior shouts!
The orc warrior hits you with a +0 long sword.
The rust devil hits you! The rust devil corrodes you!
The orc knight hits you with a +0 war axe!
An orc warrior comes into view. It is wielding a +0 scimitar.
The orc high priest hits you from afar with a +0 glaive.
* * * LOW HITPOINT WARNING * * *
The ynoxinul gestures.
You can move again.
Unknown command.
Unknown command.
Unknown command.
Unknown command.
As you read the scroll of teleportation, it crumbles to dust.
You feel strangely unstable. The orc high priest barely misses you.
The orc warrior closely misses you. The rust devil hits you!
* * * LOW HITPOINT WARNING * * *
The rust devil corrodes you!
Unknown command.
Unknown command.
Unknown command.
Unknown command.
Your skin crawls.
You feel strong-willed. The orange demon closely misses you.
The orc high priest hits you from afar with a +0 glaive!!
* * * LOW HITPOINT WARNING * * *
The orc knight hits you with a +0 war axe!!
You die...

.......................
........................
....[)............).....
...)....................
.................)......
.....).......)..........
........................
......o)$.$)............
.....34@).[[............
##).ooo############.....
...5oo4 #..).. ...5ooo
#..... ..)5.5o #.....
...o3o5 #..... .....5o
#..... ..).... #.....
#.....


You could see an orc knight, an orc high priest (strong), an orange demon
(summoned), a rust devil (summoned), a smoke demon (summoned), a ynoxinul
(summoned), an orc sorcerer (strong), 3 orc warriors, 7 orcs and 6 ufetubi.

Vanquished Creatures
  An orc warlord (Orc:2)
  A catoblepas (Lair:6)
  A boulder beetle (Lair:6)
  7 hydras
  A deep troll shaman (Lair:6)
  16 death yaks
  2 orc high priests (Orc:2)
  A hell knight (Volcano)
  A salamander mystic (Volcano)
  Pikel (D:5)
  2 bog bodies (Lair:4)
  2 lindwurms (Lair:6)
  A necromancer (D:9)
  3 orc sorcerers (Orc:2)
  5 orc knights
  6 salamanders (Volcano)
  4 cyclopes
  4 black mambas
  3 elephants (Lair:6)
  4 molten gargoyles (Volcano)
  10 cane toads
  A kobold demonologist (D:9)
  2 rime drakes
  9 komodo dragons
  A meliai (Lair:4)
  7 polar bears
  16 blink frogs
  Grinder (D:5)
  5 dream sheep (Lair:4)
  A vampire (D:9)
  37 yaks
  2 wyverns
  A basilisk (Lair:2)
  2 steam dragons
  Duvessa (D:6)
  Pargi (Sewer)
  19 water moccasins
  An acid dragon (D:9)
  20 orc warriors
  4 black bears
  2 sky beasts
  24 wolves
  2 centaurs (D:7)
  5 ogres
  A phantom (D:5)
  Blork the orc (D:5)
  A kobold brigand (D:6)
  7 necrophages
  A gnoll sergeant (D:8)
  19 bullfrogs
  2 scorpions
  Dowan (D:6)
  14 wights
  16 killer bees
  6 howler monkeys
  20 orc priests
  5 hounds
  3 gnoll shamans
  A jelly (D:6)
  5 iguanas
  12 orc wizards
  2 yak simulacra (D:9)
  9 hell rats
  A polar bear simulacrum (D:9)
  5 wolf simulacra (D:9)
  11 gnolls
  11 river rats (Lair:5)
  10 adders
  4 white imps
  3 worms
  4 dart slugs
  52 orcs
  7 ball pythons
  7 endoplasms
  2 giant cockroaches
  15 goblins
  9 hobgoblins
  4 jackals (D:4)
  4 quokkas
  13 bats
  2 frilled lizards
  19 kobolds
  5 rats
  3 river rat simulacra (D:9)
557 creatures vanquished.

Vanquished Creatures (collateral kills)
  2 yaks (Lair:5)
2 creatures vanquished.

Vanquished Creatures (others)
  34 fungi
  48 plants
82 creatures vanquished.

Grand Total: 641 creatures vanquished

Notes
Turn   | Place    | Note
-------+----------+-------------------------------------------
     0 | D:1      | jejorda2 the Palentonga Berserker began the quest for the
                  | Orb.
     0 | D:1      | Reached XP level 1. HP: 19/19 MP: 1/1
   419 | D:1      | Reached XP level 2. HP: 21/25 MP: 2/2
   932 | D:1      | Found a faded altar of an unknown god.
  1183 | D:1      | Reached XP level 3. HP: 31/31 MP: 3/3
  1357 | D:2      | Reached ** piety under Trog
  1517 | D:2      | Found Synixt's Weapon Boutique.
  1540 | D:2      | Reached skill level 4 in Long Blades
  1756 | D:2      | You fall into a shaft and drop 1 floor!
  1790 | D:2      | Reached XP level 4. HP: 37/37 MP: 4/4
  2927 | D:4      | Found a snail-covered altar of Cheibriados.
  3205 | D:4      | Reached XP level 5. HP: 30/44 MP: 5/5
  3731 | D:4      | Reached skill level 5 in Long Blades
  3909 | D:4      | Reached XP level 6. HP: 51/51 MP: 6/6
  4236 | D:5      | Entered Level 5 of the Dungeon
  4378 | D:5      | Noticed Blork the orc
  4385 | D:5      | Killed Blork the orc
  4719 | D:5      | Noticed a water moccasin
  4726 | D:5      | Killed a water moccasin
  4727 | D:5      | Reached skill level 6 in Long Blades
  4727 | D:5      | Gained mutation: You curl defensively after being hit. (AC
                  | +7*) [Palentonga growth]
  4727 | D:5      | Reached XP level 7. HP: 29/58 MP: 7/7
  4728 | D:5      | Reached skill level 5 in Fighting
  5283 | D:5      | Noticed Grinder
  5291 | D:5      | Killed Grinder
  5292 | D:5      | Reached skill level 7 in Long Blades
  5294 | D:5      | Reached XP level 8. HP: 67/67 MP: 8/8
  5310 | D:5      | Noticed Pikel
  5325 | D:5      | Killed Pikel
  5326 | D:5      | Reached skill level 8 in Long Blades
  5684 | D:5      | Reached skill level 5 in Armour
  5847 | D:6      | Reached skill level 9 in Long Blades
  5855 | D:6      | Reached *** piety under Trog
  5921 | D:6      | Reached XP level 9. HP: 51/73 MP: 9/9
  5981 | D:6      | Found Dorill's Jewellery Boutique.
  6130 | D:6      | Noticed Duvessa
  6131 | D:6      | Noticed Dowan
  6140 | D:6      | Killed Duvessa
  6147 | D:6      | Killed Dowan
  6154 | D:6      | Found a glowing drain.
  6164 | Sewer    | Entered a sewer
  6250 | Sewer    | Noticed Pargi
  6256 | Sewer    | Killed Pargi
  6693 | D:7      | Reached skill level 10 in Long Blades
  6755 | D:7      | Reached skill level 1 in Short Blades
  7297 | D:7      | Found a staircase to the Ecumenical Temple.
  7411 | D:7      | Identified a scroll of acquirement
  7411 | D:7      | Acquired the +4 barding "Zigankah" {rF+}
  7775 | D:8      | Identified the +8 quarterstaff "Doamp" {flame, rN+}
  7854 | D:8      | Reached skill level 5 in Short Blades
  8104 | D:8      | Found Gizekuog's Armour Boutique.
  8211 | D:8      | Reached XP level 10. HP: 81/81 MP: 10/10
  8823 | D:8      | Found a broken altar of Ashenzari.
  9202 | D:9      | Noticed a sixfirhy
  9404 | D:9      | Found a staircase to the Lair.
  9530 | D:9      | Reached skill level 11 in Long Blades
  9845 | D:9      | Found a staircase to the Orcish Mines.
  9852 | D:9      | Found a glowing golden altar of the Shining One.
 10188 | D:9      | Noticed a necromancer
 10209 | D:9      | Killed a necromancer
 10464 | Orc:1    | Entered Level 1 of the Orcish Mines
 10466 | Orc:1    | Noticed an orc knight
 10511 | Orc:1    | Killed an orc knight
 10511 | Orc:1    | Noticed an orc knight
 10512 | Orc:1    | Reached skill level 5 in Dodging
 10516 | Orc:1    | Reached XP level 11. HP: 86/86 MP: 11/11
 10529 | Orc:1    | Killed an orc knight
 10530 | Orc:1    | Reached skill level 12 in Long Blades
 10533 | Orc:1    | Found Anwuzoge's Gadget Gallery.
 10569 | Orc:1    | Found a dark tunnel.
 10572 | Volcano  | Entered a volcano
 11007 | Volcano  | Noticed an orc knight
 11007 | Volcano  | Noticed a hell knight
 11038 | Volcano  | Killed an orc knight
 11054 | Volcano  | Killed a hell knight
 11055 | Volcano  | Reached skill level 1 in Evocations
 11069 | Volcano  | Reached skill level 13 in Long Blades
 11437 | Volcano  | Noticed a salamander mystic
 11457 | Volcano  | Killed a salamander mystic
 11565 | Volcano  | Noticed an orb of fire
 11816 | Volcano  | Noticed an orb of fire
 12676 | D:2      | Bought the +8 autumn katana {vorpal, manifold assault} for
                  | 707 gold pieces
 12676 | D:2      | Found the +8 autumn katana {vorpal, manifold assault}
 12862 | Lair:1   | Entered Level 1 of the Lair of Beasts
 13151 | Lair:1   | Reached XP level 12. HP: 98/98 MP: 12/12
 13223 | Lair:1   | Noticed an eight-headed hydra
 13231 | Lair:1   | Killed a four-headed hydra
 13664 | Lair:2   | Reached skill level 5 in Evocations
 13671 | Lair:2   | Reached **** piety under Trog
 14753 | Lair:3   | Noticed a four-headed hydra
 14760 | Lair:3   | Killed a one-headed hydra
 14813 | Lair:3   | Reached skill level 10 in Fighting
 14940 | Lair:3   | Noticed a six-headed hydra
 14950 | Lair:3   | Killed a one-headed hydra
 15232 | Lair:3   | Found a transporter.
 15253 | Lair:3   | Found a transporter.
 15618 | Lair:4   | Noticed a death yak
 15618 | Lair:4   | Noticed a death yak
 15623 | Lair:4   | Noticed a death yak
 15628 | Lair:4   | Killed a death yak
 15628 | Lair:4   | Noticed a death yak
 15630 | Lair:4   | Noticed a death yak
 15632 | Lair:4   | Noticed a death yak
 15641 | Lair:4   | Killed a death yak
 15651 | Lair:4   | Killed a death yak
 15652 | Lair:4   | Reached XP level 13. HP: 86/112 MP: 13/13
 15662 | Lair:4   | Reached ***** piety under Trog
 16389 | D:6      | Bought a ring of poison resistance for 240 gold pieces
 16748 | Lair:4   | Received a gift from Trog
 16751 | Lair:4   | Found a staircase to the Swamp.
 16930 | Lair:4   | Found a hole to the Spider Nest.
 17441 | Lair:5   | Found a staircase to the Slime Pits.
 17441 | Lair:5   | Found a viscous altar of Jiyva.
 18555 | Lair:6   | Entered Level 6 of the Lair of Beasts
 18638 | Lair:6   | Reached XP level 14. HP: 91/123 MP: 14/14
 19586 | Lair:6   | Identified the ring of the Demonic God {rElec rC+ Str+2
                  | Dex+6}
 20798 | Orc:2    | Entered Level 2 of the Orcish Mines
 20798 | Orc:2    | Found Fuech's Antique Armour Shop.
 21137 | Orc:2    | Noticed an orc warlord
 21150 | Orc:2    | Killed an orc warlord
 21151 | Orc:2    | Reached skill level 10 in Armour
 21151 | Orc:2    | Reached skill level 10 in Dodging
 21386 | Orc:2    | Received a gift from Trog
 21387 | Orc:2    | Found the +12 pair of quick blades "Gyre" and "Gimble"
                  | {protect}
 21401 | Orc:2    | Paralysed by an orc sorcerer for 5 turns
 21408 | Orc:2    | Mangled by an orc knight

Illustrated notes

Levels and vault maps discovered:
D:1:      amcnicky_arrival_flooded_fountain, layout_basic,
          basic_ecumenical_altar, serial_forest, infiniplex_forest_lined_room_2,
          infiniplex_forest_lined_1, infiniplex_forest_clump_C,
          infiniplex_forest_lined_3, infiniplex_forest_lined_ring,
          infiniplex_forest_zigzag_2
D:2:      layout_basic, serial_shops, shop
D:3:      layout_basic
D:4:      layout_basic, mainiacjoe_overflow_brackets, grunt_ministairs_2,
          grunt_tough_drop
D:5:      minmay_inner_zag, layout_gridville, minmay_ogre_servants,
          uniq_blork_the_orc, uniq_grinder, uniq_pikel
D:6:      layout_rooms, serial_shops, shop, cheibrodos_sewer_entry_sluice,
          grunt_decor_mini_mirrors, uniq_duvessa
D:7:      layout_rooms, minmay_temple_entry_stoned_glass
D:8:      layout_loops_corners, kennysheep_mini_moat, serial_shops,
          nicolae_shop_trees, serial_glass, glass_columns_c, glass_columns_a
D:9:      layout_basic, mainiacjoe_overflow_six_doors_small,
          due_lair_maze_entry_diamond, serial_glass, glass_columns_b,
          glass_columns_a, glass_columns_a, glass_columns_c, glass_columns_c,
          eino_house_with_fridge
Lair:1:   layout_hall_layers, dreamdust_gnoll_shepherd
Lair:2:   layout_chaotic_city, serial_bayou_shore_b, grunt_megastairs_5
Lair:3:   gammafunk_worm_tunnel, layout_regular_city, cheibrodos_lair_lostbears
Lair:4:   layout_cave_shapes, skrybe_swamp_entry_bodies,
          hellmonk_spider_entry_not_the_bees, roderic_carrion_pond,
          serial_bayou_shore_b
Lair:5:   layout_gridlike, slime_entry_1, kennysheep_rathole
Lair:6:   grunt_lair_end_beastmaster, layout_layer_cave, grunt_megastairs_3
Orc:1:    layout_caves, nicolae_volcano_entry_s_turn, nicolae_shop_gadgets
Orc:2:    st_orc_congregation, layout_caves, serial_shops,
          nicolae_shop_hallway_stairs, bloody_makhleb

Skill      XL: |  1  2  3  4  5  6  7  8  9 10 11 12 13 14 |
---------------+-------------------------------------------+-----
Armour         | 2 3 4 5 6 7 9 10 | 10.2
Long Blades    | 4 5 6 7 9 10 11 13 | 13.3
Fighting       | 4 5 6 7 10 12 | 12.6
Short Blades   | 5 7 |  7.0
Dodging        | 3 5 6 9 10 | 10.2
Evocations     | 4 6 7 |  7.0

Action                   |  1- 3 |  4- 6 |  7- 9 | 10-12 | 13-15 || total
-------------------------+-------+-------+-------+-------+-------++-------
Melee: Falchion          |   105 |   143 |       |       |       ||   248
       Tailslap          |    10 |    16 |    40 |   130 |   101 ||   297
       Punch             |       |     3 |     5 |    14 |    10 ||    32
       Long sword        |       |    16 |   194 |    38 |    19 ||   267
       Dagger            |       |       |   167 |   505 |       ||   672
       Katana            |       |       |       |   246 |   594 ||   840
       Scimitar          |       |       |       |    14 |       ||    14
Invok: Berserk           |     1 |     4 |    11 |    19 |     7 ||    42
       Trog's Hand       |       |     1 |     6 |    10 |     3 ||    20
       Brothers in Arms  |       |       |       |       |     1 ||     1
 Abil: Rolling Charge    |    24 |    24 |    20 |    58 |    43 ||   169
Evoke: Wand              |       |       |     2 |     2 |     5 ||     9
       Lightning rod     |       |       |       |       |     4 ||     4
  Use: Scroll            |       |    12 |     9 |     8 |     6 ||    35
       Potion            |       |       |     2 |     4 |       ||     6
 Stab: Invisible         |       |       |     1 |       |       ||     1
Armor: Plate armour      |    56 |    80 |       |   165 |   294 ||   595
       Animal skin       |     2 |       |       |       |       ||     2
       Chain mail        |       |    31 |   171 |    25 |       ||   227
       Scale mail        |       |       |       |    94 |       ||    94
Dodge: Dodged            |    22 |    34 |   169 |   212 |   181 ||   618
Block: Other             |       |       |       |       |    50 ||    50

Table legend: (Time is in decaauts)
 A = Elapsed time spent in this place.
 B = Non-inter-level travel time spent in this place.
 C = Inter-level travel time spent in this place.
 D = Time resting spent in this place.
 E = Time spent auto-exploring this place.
 F = Levels seen in this place.
 G = Mean time per level.
                   A        B        C        D        E       F      G
               +--------+--------+--------+--------+--------+-----+--------+
         Total |  21208 |  19748 |   1460 |   3217 |  12916 |  19 | 1116.2 |
       Dungeon |  10997 |  10077 |    920 |   1524 |   6734 |   9 | 1221.9 |
          Lair |   7248 |   6814 |    434 |    471 |   5289 |   6 | 1208.0 |
  Orcish Mines |   1419 |   1314 |    105 |    222 |    755 |   2 |  709.5 |
         Sewer |    148 |    148 |      0 |     59 |     14 |   1 |  148.0 |
       Volcano |   1394 |   1394 |      0 |    939 |    123 |   1 | 1394.0 |
               +--------+--------+--------+--------+--------+-----+--------+

Top non-repeatable levels by time:
     D:8: 1777 daAuts
     D:5: 1663 daAuts
  Lair:6: 1527 daAuts
     D:4: 1447 daAuts
     D:9: 1430 daAuts
  Lair:4: 1413 daAuts
 Volcano: 1394 daAuts
     D:1: 1359 daAuts
  Lair:5: 1189 daAuts
  Lair:2: 1084 daAuts
  Lair:3: 1063 daAuts
   Orc:1: 974 daAuts
  Lair:1: 969 daAuts
     D:2: 961 daAuts
     D:7: 849 daAuts
